 Dungeon Crawl Stone Soup version 0.29-a0-96-g93358da72b (webtiles) character file.

Game seed: 3265703135491535842

4468 Gildeon the Poker (level 10, -1/66 HPs)
             Began as a Formicid Fighter on Feb 12, 2022.
             Was a Follower of Hepliaklqana.
             Slain by Joseph (4 damage)
             ... on level 8 of the Dungeon.
             The game lasted 00:26:06 (9501 turns).

Gildeon the Poker (Formicid Fighter)                Turns: 9501, Time: 00:26:07

Health: -1/66      AC:  7    Str: 23    XL:     10   Next: 64%
Magic:  17/17      EV: 13    Int: 10    God:    Hepliaklqana [*.....]
Gold:   70         SH:  5    Dex: 10    Spells: 17/18 levels left

rFire   . . .      SeeInvis +   B - +3 quarterstaff (chaos)
rCold   . . .      Faith    .   c - +0 buckler
rNeg    . . .      Spirit   .   v - +0 chain mail
rPois   +          Reflect  .   (helmet unavailable)
rElec   .          Harm     .   D - +2 cloak
rCorr   .          Rampage  .   n - +0 pair of gloves
Will    +....                   k - +0 pair of boots
Stlth   ..........              (no amulet)
HPRegen 0.21/turn               j - +4 ring of evasion
MPRegen 0.15/turn               z - ring of poison resistance

@: mighty, corroded
A: reduced essence, permanent stasis, dig shafts and tunnels, antennae 3, four
strong arms
a: Dig, Shaft Self, Renounce Religion, Recall Ancestor, Ancestor Identity


You were on level 8 of the Dungeon.
You worshipped Hepliaklqana.
Hepliaklqana was aware of your devotion.
You visited 2 branches of the dungeon, and saw 9 of its levels.
You also visited: Sewer.

You collected 385 gold pieces.
You spent 315 gold pieces at shops.

Inventory:

Hand Weapons
 x - a +0 flail of protection
 A - a +2 spear of freezing
 B - a +3 quarterstaff of chaos (weapon)
Missiles
 a - 43 stones
Armour
 c - a +0 buckler (worn)
 k - a +0 pair of boots (worn)
 n - a +0 pair of gloves (worn)
 v - a +0 chain mail (worn)
 D - a +2 cloak (worn)
Jewellery
 f - a ring of positive energy
 j - a +4 ring of evasion (left hand)
 t - a +6 ring of dexterity
 z - a ring of poison resistance (right hand)
Scrolls
 b - 2 scrolls of noise {unknown}
 e - 3 scrolls of fog
 g - a scroll of torment {unknown}
 h - a scroll of enchant weapon {unknown}
 i - 4 scrolls of amnesia {unknown}
 m - 2 scrolls of enchant armour
 p - 3 scrolls of vulnerability
 s - 2 scrolls of fear
 y - 2 scrolls of brand weapon {unknown}
 C - a scroll of summoning {unknown}
Potions
 l - 2 potions of flight
 o - a potion of lignification
 q - 2 potions of invisibility
 r - 3 potions of curing
 u - 3 potions of brilliance


   Skills:
 - Level 5.0 Fighting
 - Level 6.0(6.5) Maces & Flails
 - Level 7.1(7.5) Polearms
 + Level 3.7(7.1) Staves
 - Level 5.0 Armour
 - Level 5.0 Dodging
 - Level 5.0 Shields
 + Level 4.8 Spellcasting
 + Level 2.1 Earth Magic
 + Level 2.0 Invocations
 - Level 5.0 Evocations


You had 17 spell levels left.
You knew the following spells:

 Your Spells              Type           Power      Damage    Failure   Level
a - Sandblast             Erth           12%        2d6       65%         1

Your spell library contained the following spells:

 Spells                   Type           Power      Damage    Failure   Level
 Passwall                 Tmut/Erth      3%         N/A       90%         2
 Stone Arrow              Conj/Erth      8%         3d7       99%         3


Dungeon Overview and Level Annotations

Branches:
Dungeon (8/15)             Temple (1/1) D:6           Sewer (visited)
   Lair: D:8-11

Altars:
Ashenzari
Cheibriados
Dithmenos
Elyvilon
Fedhas
Gozag
Hepliaklqana
Kikubaaqudgha
Makhleb
Okawaru
Qazlal
Ru
Sif Muna
Trog
Uskayaw
Vehumet
Wu Jian
Xom
Yredelemnul
Zin
The Shining One

Shops:
D:1 :

Annotations:
D:8 Joseph


Innate Abilities, Weirdness & Mutations

Your life essence is reduced to manifest your ancestor. (-10% HP)
You cannot be hasted, slowed, berserked, paralysed or teleported.
You can dig through walls and to a lower floor.
You have a pair of large antennae on your head. (SInv)
Your four strong arms can wield two-handed weapons with a shield.


Message History

You block Joseph's attack.
You sock Joseph!
Joseph is lightly wounded.
Grums hits Joseph.
Joseph hits you with a +4 quarterstaff of distortion!!
You closely miss Joseph.
Joseph is moderately wounded.
Grums barely misses Joseph.
Joseph zaps a wand.
The bolt of acid hits you! The acid corrodes you!
You barely miss Joseph.
Joseph is moderately wounded.
Grums hits Joseph.
Joseph hits you with a +4 quarterstaff of distortion!!
* * * LOW HITPOINT WARNING * * *
Space warps around you.
* * * LOW HITPOINT WARNING * * *
You feel better.
Grums barely misses Joseph.
You block Joseph's attack.
You barely miss Joseph.
Joseph is moderately wounded.
Grums closely misses Joseph.
You block Joseph's attack.
You barely miss Joseph.
Joseph is moderately wounded.
Grums hits Joseph!
You barely miss Joseph.
Joseph is moderately wounded.
Joseph zaps a wand.
The bolt of acid hits you!
* * * LOW HITPOINT WARNING * * *
The acid corrodes you!
Grums hits Joseph but does no damage.
You feel better. You block Joseph's attack.
Grums barely misses Joseph.
You feel very mighty all of a sudden.
Joseph zaps a wand.
The bolt of acid misses you.
Grums hits Joseph.
You closely miss Joseph.
Joseph is heavily wounded.
Joseph closely misses you.
Grums hits Joseph!
You hit Joseph.
Joseph is heavily wounded.
Joseph hits you with a +4 quarterstaff of distortion!
* * * LOW HITPOINT WARNING * * *
Space warps around you.
You die...

#### #### ##### ....
#..# #..## .....
#..##########...#
.....###...............#
.......#...............#
........................
........................
.......@R...............
.......@##..............
...#############........
. #..#..#..#..R........
#..#..#.R#..#.....[..
###.##.##[###.......#
#..#..#.≈#.#........#
#.R#..#..###.......#.
###.#######........#.


You could see the friendly Grums the ancestor and Joseph (ally target).

Vanquished Creatures
  Gastronok (D:8)
  Maggie (D:7)
  2 water moccasins
  2 black bears
  2 ice beasts
  An orc warrior (D:8)
  A hornet zombie (D:8)
  A sky beast (D:8)
  4 ogres
  3 necrophages
  3 kobold brigands (D:8)
  2 scorpions
  2 bullfrogs
  A water moccasin skeleton (D:7)
  5 wights
  2 centaur zombies
  5 hounds
  5 jellies
  4 orc priests (D:6)
  Crazy Yiuf (D:7)
  A bullfrog skeleton (D:5)
  3 iguanas
  An orc wizard (D:5)
  A hell rat (Sewer)
  2 hound skeletons (D:4)
  2 howler monkey zombies
  4 gnolls (D:4)
  5 adders
  4 river rats (Sewer)
  2 shadow imps (D:6)
  5 white imps
  2 ufetubi
  2 worms (D:2)
  4 dart slugs
  18 orcs
  7 ball pythons
  4 bats
  2 endoplasms
  3 giant cockroaches
  5 goblins
  4 hobgoblins
  7 jackals
  4 quokkas
  3 frilled lizards
  12 kobolds
  7 rats
162 creatures vanquished.

Vanquished Creatures (collateral kills)
  An orc (D:8)
1 creature vanquished.

Grand Total: 163 creatures vanquished

Notes
Turn   | Place    | Note
-------+----------+-------------------------------------------
     0 | D:1      | Gildeon the Formicid Fighter began the quest for the Orb.
     0 | D:1      | Reached XP level 1. HP: 18/18 MP: 1/1
    93 | D:1      | Reached XP level 2. HP: 23/24 MP: 2/2
   174 | D:1      | Found Quso's Book Shop.
   283 | D:1      | Reached skill level 3 in Polearms
   603 | D:1      | Reached XP level 3. HP: 27/29 MP: 3/3
  1068 | D:2      | Found a shimmering altar of Xom.
  1078 | D:2      | Identified the +2 leather armour "Teckeirch" {Contam MP+9
                  | Str+7}
  1328 | D:2      | Reached skill level 4 in Polearms
  1328 | D:2      | Reached XP level 4. HP: 27/35 MP: 4/4
  2126 | D:3      | Reached XP level 5. HP: 33/41 MP: 5/5
  2358 | D:3      | Reached skill level 5 in Polearms
  2852 | D:4      | Noticed an ogre
  2873 | D:4      | Killed an ogre
  2874 | D:4      | Reached skill level 6 in Polearms
  2874 | D:4      | Reached XP level 6. HP: 35/47 MP: 6/6
  2929 | D:4      | Noticed an ogre
  2949 | D:4      | Killed an ogre
  3139 | D:4      | Reached XP level 7. HP: 36/52 MP: 7/7
  3286 | D:4      | Reached skill level 1 in Dodging
  3407 | D:4      | Found Vuthrihie's Magic Scroll Emporium.
  3563 | D:4      | Bought a scroll of fear for 35 gold pieces
  3563 | D:4      | Bought a scroll of blinking for 75 gold pieces
  3563 | D:4      | Bought a scroll of enchant armour for 75 gold pieces
  3563 | D:4      | Bought a scroll of fog for 20 gold pieces
  3919 | D:5      | Entered Level 5 of the Dungeon
  3940 | D:5      | Found a glowing drain.
  3953 | Sewer    | Entered a sewer
  4333 | D:5      | Reached skill level 7 in Polearms
  4333 | D:5      | Reached XP level 8. HP: 18/59 MP: 8/8
  4876 | D:5      | Reached skill level 1 in Maces & Flails
  5100 | D:5      | Reached skill level 5 in Shields
  5754 | D:5      | Reached skill level 5 in Armour
  6022 | D:4      | Bought a scroll of vulnerability for 75 gold pieces
  6022 | D:4      | Bought a scroll of immolation for 35 gold pieces
  6081 | D:6      | Reached skill level 5 in Fighting
  6230 | D:6      | Reached XP level 9. HP: 65/68 MP: 9/9
  6721 | D:6      | Reached skill level 1 in Evocations
  6900 | D:6      | Reached skill level 1 in Spellcasting
  7202 | D:6      | Found a staircase to the Ecumenical Temple.
  7216 | Temple   | Entered the Ecumenical Temple
  7555 | Temple   | Became a worshipper of Hepliaklqana the Forgotten
  8017 | D:6      | Reached skill level 5 in Maces & Flails
  8167 | D:7      | Noticed Maggie
  8194 | D:7      | Killed Maggie
  8374 | D:7      | Learned a level 1 spell: Sandblast
  8596 | D:7      | Found a radiant altar of Vehumet.
  8750 | D:7      | Found a runed translucent door.
  8751 | D:7      | Noticed Crazy Yiuf
  8765 | D:7      | Killed Crazy Yiuf
  9070 | D:8      | Noticed Gastronok
  9092 | D:8      | Killed Gastronok
  9093 | D:8      | Reached skill level 5 in Dodging
  9093 | D:8      | Reached XP level 10. HP: 54/74 MP: 13/16
  9217 | D:8      | Reached skill level 5 in Evocations
  9250 | D:8      | Reached skill level 1 in Earth Magic
  9289 | D:8      | Reached skill level 1 in Invocations
  9398 | D:8      | Reached * piety under Hepliaklqana
  9485 | D:8      | Noticed Joseph
  9497 | D:8      | HP: 2/66 [Joseph/bolt of acid (12)]
  9501 | D:8      | Slain by Joseph

Illustrated notes

Levels and vault maps discovered:
D:1:      lightli_arrival_maybe_door_vault, layout_basic, serial_shops,
          nicolae_shop_hallway_stairs, serial_forest, infiniplex_forest_end_1,
          infiniplex_forest_end_1, infiniplex_forest_straight_5,
          infiniplex_forest_lined_2, infiniplex_forest_zigzag_1,
          infiniplex_forest_zigzag_2
D:2:      layout_basic, basic_altar
D:3:      layout_loops_cross
D:4:      layout_rooms, serial_shops, shop_coins
D:5:      layout_cave_pods, cheibrodos_sewer_entry_sluice
D:6:      layout_loops_ring, minmay_temple_entry_glassed_door, minmay_microvault
D:7:      layout_rooms, vehumet_crystals, kennysheep_path_1, uniq_maggie,
          uniq_crazy_yiuf_cottage
D:8:      minmay_s_stair_smasher, layout_cave_pods, grunt_ministairs_3,
          lightli_minifort, uniq_gastronok, uniq_joseph, uniq_pikel, uniq_erica
Temple:   mainiacjoe_temple_cubbyholes

Skill      XL: |  1  2  3  4  5  6  7  8  9 10 |
---------------+-------------------------------+-----
Polearms       | 3 4 6 7 |  7.1
Shields        | 4 5 |  5.0
Dodging        | 1 3 5 |  5.0
Armour         | 4 5 |  5.0
Fighting       | 4 5 |  5.0
Maces & Flails | 3 6 |  6.0
Evocations     | 4 5 |  5.0
Spellcasting   | 4 |  4.8
Staves         | 3 |  3.7
Earth Magic    | 2 |  2.1
Invocations    | 2 |  2.0

Action                   |  1- 3 |  4- 6 |  7- 9 | 10-12 || total
-------------------------+-------+-------+-------+-------++-------
Melee: Trident           |    93 |   132 |    11 |       ||   236
       Halberd           |       |       |   129 |       ||   129
       Flail             |       |       |   343 |       ||   343
       Quarterstaff      |       |       |     9 |    67 ||    76
Invok: Ancestor Identity |       |       |       |     1 ||     1
Evoke: Wand              |       |       |    15 |       ||    15
  Use: Scroll            |       |       |     8 |       ||     8
       Potion            |       |       |     1 |     3 ||     4
 Stab: Distracted        |       |       |       |     1 ||     1
       Paralysed         |       |       |       |     1 ||     1
Armor: Scale mail        |    34 |    43 |    11 |       ||    88
       Chain mail        |       |       |   237 |    31 ||   268
Dodge: Dodged            |    49 |    63 |   300 |    25 ||   437
Block: Buckler           |    14 |    25 |    99 |    16 ||   154

Table legend: (Time is in decaauts)
 A = Elapsed time spent in this place.
 B = Non-inter-level travel time spent in this place.
 C = Inter-level travel time spent in this place.
 D = Time resting spent in this place.
 E = Time spent auto-exploring this place.
 F = Levels seen in this place.
 G = Mean time per level.
                   A        B        C        D        E       F      G
               +--------+--------+--------+--------+--------+-----+--------+
         Total |   9653 |   9311 |    342 |    497 |   6712 |  10 |  965.3 |
       Dungeon |   9145 |   8869 |    276 |    497 |   6412 |   8 | 1143.1 |
        Temple |    375 |    309 |     66 |      0 |    299 |   1 |  375.0 |
         Sewer |    132 |    132 |      0 |      0 |      1 |   1 |  132.0 |
               +--------+--------+--------+--------+--------+-----+--------+

Top non-repeatable levels by time:
     D:5: 2044 daAuts
     D:6: 1600 daAuts
     D:4: 1146 daAuts
     D:1: 1077 daAuts
     D:7: 1027 daAuts
     D:2: 1005 daAuts
     D:3: 767 daAuts
     D:8: 475 daAuts
  Temple: 375 daAuts
   Sewer: 132 daAuts
